 Dungeon Crawl Stone Soup version 0.21-a0-404-g291f19a (webtiles) character file.

63 wisey the Cudgeler (level 3, -1/34 HPs)
             Began as a Minotaur Berserker on Oct 29, 2017.
             Was a Believer of Trog.
             Slain by tilp's ghost (15 damage)
             ... on level 3 of the Dungeon.
             The game lasted 00:02:47 (1538 turns).

wisey the Cudgeler (Minotaur Berserker)             Turns: 1538, Time: 00:02:48

Health: -1/34      AC: 10    Str: 21    XL:     3   Next: 89%
Magic:  2/2        EV:  8    Int:  4    God:    Trog [**....]
Gold:   85         SH:  0    Dex: 10    Spells: 2/2 levels left

rFire    . . .     SeeInvis .   a - +0 mace
rCold    . . .     Gourm    .   (no shield)
rNeg     . . .     Faith    .   i - +0 chain mail
rPois    .         Spirit   .   (helmet restricted)
rElec    .         Reflect  .   (no cloak)
rCorr    .         Harm     .   j - +0 pair of gloves
MR       .....                  (no boots)
Stlth    ..........             (no amulet)
HPRegen  0.11/turn              (no ring)
MPRegen  0.08/turn              (no ring)

@: no status effects
A: retaliatory headbutt, horns 2
a: Berserk, Trog's Hand, Burn Spellbooks, Renounce Religion


You were on level 3 of the Dungeon.
You worshipped Trog.
Trog was pleased with you.
You were not hungry.

You visited 1 branch of the dungeon, and saw 3 of its levels.

You collected 85 gold pieces.

Inventory:

Hand Weapons
 a - a +0 mace (weapon)
Armour
 b - a +0 animal skin
 i - a +0 chain mail (worn)
 j - a +0 pair of gloves (worn)
Jewellery
 m - an uncursed ring of stealth {unknown}
Scrolls
 d - 3 scrolls of remove curse {unknown}
 e - 2 scrolls of enchant armour {unknown}
 o - a scroll of identify {unknown}
 q - a scroll of teleportation {unknown}
Potions
 f - a potion of curing {unknown}
 k - a potion of ambrosia {unknown}
 l - a potion of brilliance {unknown}
Comestibles
 c - 3 bread rations
 g - 3 royal jellies
 h - a meat ration
 n - a fruit
 p - 2 chunks of flesh


   Skills:
 + Level 4.4 Fighting
 + Level 4.7 Maces & Flails
 + Level 2.7 Armour
 + Level 2.6 Dodging
 + Level 0.3 Stealth


You had 2 spell levels left.
You didn't know any spells.

Dungeon Overview and Level Annotations

Branches:
Dungeon (3/15)

Altars:

Annotations:
D:3 tilp's ghost, amateur DEFE


Innate Abilities, Weirdness & Mutations

You reflexively headbutt those who attack you in melee.
You have a pair of horns on your head.


Message History

You hit the adder.
The adder is heavily wounded.
The adder misses you. The adder closely misses you.
You thump the adder!
You kill the adder!
Trog accepts your kill.
You now have 74 gold pieces (gained 5).
Found a stone staircase leading down.
You now have 85 gold pieces (gained 11).
Tilp's ghost (amateur Deep Elf Fire Elementalist) comes into view.
It is wielding a weapon of electrocution.
Tilp's ghost turns its malevolent gaze towards you.
Tilp's ghost is nearby!
Tilp's ghost whispers, "It is all a dream - a grotesque and foolish dream."
Tilp's ghost casts a spell at you. The flame tongue hits you!
You closely miss tilp's ghost.
Tilp's ghost wails, "I have seen your future, and it is all used up."
Tilp's ghost barely misses you. You furiously retaliate!
You headbutt tilp's ghost! Tilp's ghost hits you.
You are electrocuted!
You die...

########### ..........#
.#.#.#.#..# ........(.#
###### .#.#.#.#..#
#....# ........).#
#....#
.#.#.#.#..########....#
................@W....#
.#.#.#.#.#########....#
.........# #..>.#
#.#.##..## #W...#
..#.###.# #....##
#.#.....# ####.##..#
#...#.#.# #........#
........# ###.#.#.#..#
..[.#.#.###
#..........#


You could see tilp's ghost.

Vanquished Creatures
  3 adders (D:3)
  A dart slug (D:1)
  2 leopard geckos
  A giant cockroach (D:2)
  4 hobgoblins
  A quokka (D:2)
  5 bats
  A frilled lizard (D:2)
  7 goblins
  5 kobolds
  A rat (D:1)
31 creatures vanquished.

Notes
Turn   | Place    | Note
-------+----------+-------------------------------------------
     0 | D:1      | wisey the Minotaur Berserker began the quest for the Orb.
     0 | D:1      | Reached XP level 1. HP: 19/19 MP: 0/0
   107 | D:1      | Reached XP level 2. HP: 19/27 MP: 1/1
  1378 | D:3      | Reached XP level 3. HP: 33/33 MP: 2/2
  1421 | D:3      | Reached ** piety under Trog
  1522 | D:3      | Noticed tilp's ghost (amateur DEFE)
  1538 | D:3      | Slain by tilp's ghost

Vault maps used:
D:1:      minmay_arrival_stone_box
D:3:      lemuel_round_altar, serial_glass, glass_columns_a, glass_columns_a,
          glass_columns_c, glass_columns_b, glass_columns_b, glass_columns_a,
          glass_columns_a, glass_columns_b, glass_columns_c, glass_columns_a,
          uniq_sigmund, uniq_robin

Skill      XL: |  1  2 |
---------------+-------+-----
Maces & Flails | 4 |  4.7
Fighting       | 4 |  4.4
Armour         | |  2.7
Dodging        | |  2.6
Stealth        | |  0.3

Action                   || total
-------------------------++-------
Melee: Mace              ||    83
       Headbutt          ||    11
 Stab: Sleeping          ||     1
  Eat: Chunk             ||     2
Armor: Chain mail        ||    53
Dodge: Dodged            ||    58

Table legend:
 A = Spawn XP
 B = Non-spawn XP
 C = Spawn XP percentage of total XP
 D = Spawn monster count
 E = Non-spawn monster count
 F = Spawn count percentage of total count
 G = Total turns spent on level
                    A         B        C        D         E        F      G
               +---------+---------+-------+---------+---------+-------+---------
         Total |       0 |      91 |   0.0 |       0 |      31 |   0.0 |  1538
               +---------+---------+-------+---------+---------+-------+---------
           D:1 |       0 |      28 |   0.0 |       0 |      15 |   0.0 |   517
           D:2 |       0 |      12 |   0.0 |       0 |       6 |   0.0 |   853
           D:3 |       0 |      51 |   0.0 |       0 |      10 |   0.0 |   168
               +---------+---------+-------+---------+---------+-------+---------
